CALGARY Flames vs SAN JOSE Sharks (R3)

Created - 14 avril 2024 at 19:49

Goals
1 2 3 OT1 T
CALGARY Flames 1 1 0 1 3
SAN JOSE Sharks 1 1 0 0 2
Shots
1 2 3 OT1 T
CALGARY Flames 5 17 8 1 31
SAN JOSE Sharks 11 2 7 0 20

1st period

1. SAN JOSE Sharks , Nick Cousins 7 (Cal Clutterbuck 7, Cody Ceci 42) at 7:26
2. CALGARY Flames , Charlie McAvoy 20 (Quinn Hughes 45, Michael Rasmussen 26) at 15:24 (PP)

Penalties :
Jamie Oleksiak (CGY) for High sticking (Minor) at 2:23, Jamie Oleksiak (CGY) for High sticking (Minor) at 4:46, Charlie McAvoy (CGY) for Roughing (Minor) at 7:31, Brayden McNabb (SJS) for Roughing (Minor) at 13:04, Brayden McNabb (SJS) for Slashing (Minor) at 15:08

2nd period

3. CALGARY Flames , Keegan Kolesar 6 (Philipp Kurashev 12, Michael Rasmussen 27) at 3:01
4. SAN JOSE Sharks , Nick Cousins 8 (John Klingberg 40, Cal Clutterbuck 8) at 12:18

Penalties :
Brayden McNabb (SJS) for Roughing (Minor) at 0:20, Sam Bennett (SJS) for Hooking (Minor) at 5:11, John Klingberg (SJS) for Slashing (Minor) at 7:11, Austin Watson (SJS) for Holding (Minor) at 9:35, John Tavares (SJS) for Charging (Minor) at 17:16, Troy Stecher (SJS) for Roughing (Minor) at 19:38

3rd period

No Goal

Penalties :
Charlie McAvoy (CGY) for Goalie Interference (Minor) at 16:43, Johnathan Kovacevic (CGY) for Interference (Minor) at 17:52

Overtime #1

5. CALGARY Flames , Boone Jenner 21 (Alexei Toropchenko 7, Jamie Oleksiak 35) at 0:11

Penalties :
No Penalty

Goalie Stats

Stuart Skinner (CGY), 18 saves from 20 shots - (0,900), W, 34-22-9, 60:12 minutes
Semyon Varlamov (SJS), 28 saves from 31 shots - (0,903), OTL, 18-10-5, 60:12 minutes

Players Stats for CALGARY Flames

Player Name              G  A  P  +/- PIM S  H  SB GA TA FO     MP     PP MP  PK MP  
------------------------------------------------------------------------------------
A.J. Greer               0  0  0  -1  0   0  1  0  0  0  0/0     8:33   0:00   0:00 
Alex Newhook             0  0  0   0  0   0  2  0  0  0  2/2    17:12   7:13   0:00 
Alexei Toropchenko       0  1  1   0  0   2  0  0  0  0  1/1     8:45   0:00   0:00 
Boone Jenner             1  0  1   1  0   4  1  0  0  0  11/22  17:07   6:56   0:00 
Charlie Coyle            0  0  0  -1  0   3  1  0  0  0  11/19  21:02   6:56   4:11 
Charlie McAvoy           1  0  1   0  4   2  0  0  0  0  0/0    24:02   7:52   2:54 
Cole Perfetti            0  0  0  -1  0   0  1  0  0  0  0/0    10:01   0:06   0:00 
Daniel Sprong            0  0  0  -1  0   1  0  0  0  0  1/1    17:02   7:07   0:00 
Darnell Nurse            0  0  0  -1  0   2  0  1  0  0  0/0    23:00   6:17   5:08 
Jamie Oleksiak           0  1  1   0  4   1  6  1  0  0  0/0    21:05   6:17   3:03 
Johnathan Kovacevic      0  0  0   0  2   0  1  1  0  0  0/0    14:59   0:00   3:06 
Josh Brown               0  0  0   0  0   0  2  0  0  0  0/0    12:23   0:00   0:30 
Keegan Kolesar           1  0  1   1  0   2  4  0  0  0  0/1    12:31   0:00   4:12 
Lawson Crouse            0  0  0   0  0   4  3  0  0  0  0/1    20:58   6:56   4:03 
Michael Rasmussen        0  2  2   1  0   1  1  0  0  0  15/26  20:26   7:13   4:54 
Philipp Kurashev         0  1  1   1  0   3  0  1  0  0  0/0     8:19   0:00   0:00 
Quinn Hughes             0  1  1   0  0   3  0  0  0  0  0/0    24:38   7:52   3:28 
Ty Dellandrea            0  0  0  -1  0   3  0  0  0  0  2/6     8:33   0:00   0:00 

Players Stats for SAN JOSE Sharks

Player Name              G  A  P  +/- PIM S  H  SB GA TA FO     MP     PP MP  PK MP  
------------------------------------------------------------------------------------
Andrew Cogliano          0  0  0  -1  0   1  1  0  0  0  0/0     7:03   0:00   0:00 
Andrew Mangiapane        0  0  0   0  0   0  2  1  0  0  1/1    16:44   4:21   0:00 
Austin Watson            0  0  0   1  2   0  0  1  0  0  0/0     6:05   0:00   0:49 
Brayden McNabb           0  0  0   1  6   2  2  0  0  0  0/0    24:28   4:44   4:46 
Brett Howden             0  0  0  -1  0   1  1  1  0  0  4/7     7:03   0:00   0:00 
Cal Clutterbuck          0  2  2   2  0   1  2  0  0  0  1/3     7:54   0:00   2:49 
Cody Ceci                0  1  1   0  0   1  2  2  0  0  0/0    26:22   4:21   6:48 
Connor Murphy            0  0  0   0  0   0  6  3  0  0  0/0    18:49   0:00   6:44 
Evander Kane             0  0  0   0  0   4  1  0  0  0  0/1    16:44   4:21   0:00 
Jack Johnson             0  0  0   0  0   0  2  1  0  0  0/0    23:36   4:21   7:10 
Joe Pavelski             0  0  0   0  0   2  0  0  0  0  1/1    16:59   4:44   0:00 
John Klingberg           0  1  1   0  2   0  1  0  0  0  0/0    15:16   4:44   0:53 
John Tavares             0  0  0   0  2   2  4  0  0  0  16/28  23:26   4:44   6:28 
Kyle Connor              0  0  0   0  0   1  2  0  0  0  0/4    25:05   4:44   8:06 
Matt Nieto               0  0  0  -1  0   0  0  0  0  0  0/1    11:55   0:00   4:52 
Nick Cousins             2  0  2   1  0   3  0  0  0  0  4/9     6:50   0:00   1:33 
Sam Bennett              0  0  0   0  2   2  2  0  0  0  9/24   20:24   4:21   3:41 
Troy Stecher             0  0  0   0  2   0  3  0  0  0  0/0    11:36   0:00   1:57 

3 Stars

1 - Nick Cousins (SJS)
2 - Keegan Kolesar (CGY)
3 - Cal Clutterbuck (SJS)

Power Play

CALGARY Flames - 1 on 8 Attempt(s) - 12,50%
SAN JOSE Sharks - 0 on 5 Attempt(s) - 0,00%

Penalty Kill

CALGARY Flames - 5 on 5 Attempt(s) - 100,00% - Score 0 goal in Penalty Kill
SAN JOSE Sharks - 7 on 8 Attempt(s) - 87,50% - Score 0 goal in Penalty Kill

Team Stat

CALGARY Flames - Hits : 23 - Faceoff Wins : 43 - Blocked Shots : 4 - Penalty Minutes : 10
SAN JOSE Sharks - Hits : 31 - Faceoff Wins : 36 - Blocked Shots : 9 - Penalty Minutes : 16

Official

Referees : Kelly Cooke and Kevin Pollock
Linesman : Ben O'Quinn and Cydnie Rice

Game Notes

No Game Note

Finance

Level 1 -- Attendance: 4618 (76,97%) -- Ticket Income $461,800
Level 2 -- Attendance: 3748 (74,96%) -- Ticket Income $224,880
Level 3 -- Attendance: 1953 (97,65%) -- Ticket Income $68,355
Level 4 -- Attendance: 4000 (100,00%) -- Ticket Income $80,000
Luxury Box -- Attendance: 745 (74,50%) -- Ticket Income $149,000
Game was played at the SAP Center.
Total Attendance: 15064 (83,69%)
Total Ticket Income: $984,035
Other Income: $246,009
Total Income: $1,230,044

CALGARY Flames

5 vs 5 Forward 
   Center                   Left Wing                Right Wing               Time % Phy DF OF 
 1 Boone Jenner             Alex Newhook             Lawson Crouse            30     2   1  2  
 2 Charlie Coyle            Cole Perfetti            Daniel Sprong            30     1   1  3  
 3 Michael Rasmussen        Philipp Kurashev         Keegan Kolesar           25     2   1  2  
 4 Ty Dellandrea            Alexei Toropchenko       A.J. Greer               15     2   1  2  

5 vs 5 Defense 
   Defense                  Defense                                           Time % Phy DF OF 
 1 Quinn Hughes             Charlie McAvoy                                    40     1   2  2  
 2 Darnell Nurse            Jamie Oleksiak                                    30     2   2  1  
 3 Johnathan Kovacevic      Josh Brown                                        25     3   2  0  
 4 Darnell Nurse            Jamie Oleksiak                                    5      2   2  1  

PowerPlay Forward 
   Center                   Left Wing                Right Wing               Time % Phy DF OF 
 1 Boone Jenner             Lawson Crouse            Charlie Coyle            55     1   0  4  
 2 Michael Rasmussen        Alex Newhook             Daniel Sprong            45     1   0  4  

PowerPlay Defense
   Defense                  Defense                                           Time % Phy DF OF 
 1 Quinn Hughes             Charlie McAvoy                                    60     1   2  2  
 2 Darnell Nurse            Jamie Oleksiak                                    40     1   2  2  

Penalty Kill 4 Players Forward 
   Center                   Wing                     Time % Phy DF OF 
 1 Charlie Coyle            Lawson Crouse            50     1   3  1  
 2 Michael Rasmussen        Keegan Kolesar           50     2   3  0  

Penalty Kill 4 Players Defense
   Defense                  Defense                  Time % Phy DF OF 
 1 Darnell Nurse            Charlie McAvoy           60     1   2  2  
 2 Quinn Hughes             Jamie Oleksiak           40     1   2  2  

Penalty Kill - 3 Players Forward 
   Forward                                           Time % Phy DF OF 
 1 Charlie Coyle                                     50     1   4  0  
 2 Michael Rasmussen                                 50     1   4  0  

Penalty Kill - 3 Players Defense
   Defense                  Defense                  Time % Phy DF OF 
 1 Darnell Nurse            Charlie McAvoy           60     1   2  2  
 2 Quinn Hughes             Jamie Oleksiak           40     1   2  2  

4 vs 4 Forward 
   Center                   Wing                     Time % Phy DF OF 
 1 Boone Jenner             Lawson Crouse            50     2   1  2  
 2 Charlie Coyle            Daniel Sprong            50     1   1  3  

4 vs 4 Defense
   Defense                  Defense                  Time % Phy DF OF 
 1 Quinn Hughes             Charlie McAvoy           55     1   2  2  
 2 Darnell Nurse            Jamie Oleksiak           45     1   2  2  

Last Minutes Offensive
   Center                   Left Wing                Right Wing               Defense                  Defense                  
   Boone Jenner             Lawson Crouse            Charlie Coyle            Quinn Hughes             Charlie McAvoy           

Last Minutes Defensive
   Center                   Left Wing                Right Wing               Defense                  Defense                  
   Charlie Coyle            Michael Rasmussen        Lawson Crouse            Darnell Nurse            Charlie McAvoy           

Goaltenders
Starting : Stuart Skinner           
Backup : Jacob Markstrom          

Extra Forwards
Normal : Charlie Coyle, Boone Jenner, Michael Rasmussen - PP : Cole Perfetti, Michael Rasmussen - PK : Boone Jenner
Extra Defensemen
Normal : Jamie Oleksiak, Johnathan Kovacevic, Josh Brown - PP : Jamie Oleksiak - PK : Jamie Oleksiak, Johnathan Kovacevic
Penalty Shots
Alex Newhook, Boone Jenner, Quinn Hughes, Charlie McAvoy, Daniel Sprong

Scratches
Jacob Bryson (Healthy), Jake Muzzin (Healthy)

SAN JOSE Sharks

5 vs 5 Forward 
   Center                   Left Wing                Right Wing               Time % Phy DF OF 
 1 John Tavares             Kyle Connor              Joe Pavelski             40     1   2  2  
 2 Sam Bennett              Andrew Mangiapane        Evander Kane             30     2   2  1  
 3 Brett Howden             Andrew Cogliano          Matt Nieto               20     1   2  2  
 4 Nick Cousins             Cal Clutterbuck          Austin Watson            10     1   3  1  

5 vs 5 Defense 
   Defense                  Defense                                           Time % Phy DF OF 
 1 Brayden McNabb           Cody Ceci                                         40     1   2  2  
 2 Jack Johnson             Connor Murphy                                     30     1   3  1  
 3 Troy Stecher             John Klingberg                                    20     1   2  2  
 4 Brayden McNabb           Cody Ceci                                         10     1   2  2  

PowerPlay Forward 
   Center                   Left Wing                Right Wing               Time % Phy DF OF 
 1 John Tavares             Kyle Connor              Joe Pavelski             60     1   1  3  
 2 Sam Bennett              Evander Kane             Andrew Mangiapane        40     1   2  2  

PowerPlay Defense
   Defense                  Defense                                           Time % Phy DF OF 
 1 Brayden McNabb           John Klingberg                                    60     1   2  2  
 2 Cody Ceci                Jack Johnson                                      40     1   2  2  

Penalty Kill 4 Players Forward 
   Center                   Wing                     Time % Phy DF OF 
 1 John Tavares             Kyle Connor              60     1   3  1  
 2 Sam Bennett              Matt Nieto               40     1   3  1  

Penalty Kill 4 Players Defense
   Defense                  Defense                  Time % Phy DF OF 
 1 Brayden McNabb           Cody Ceci                60     1   3  1  
 2 Connor Murphy            Jack Johnson             40     1   3  1  

Penalty Kill - 3 Players Forward 
   Forward                                           Time % Phy DF OF 
 1 John Tavares                                      60     1   2  2  
 2 Sam Bennett                                       40     1   2  2  

Penalty Kill - 3 Players Defense
   Defense                  Defense                  Time % Phy DF OF 
 1 Brayden McNabb           Cody Ceci                60     1   2  2  
 2 Connor Murphy            Jack Johnson             40     1   2  2  

4 vs 4 Forward 
   Center                   Wing                     Time % Phy DF OF 
 1 John Tavares             Kyle Connor              60     1   2  2  
 2 Sam Bennett              Matt Nieto               40     1   2  2  

4 vs 4 Defense
   Defense                  Defense                  Time % Phy DF OF 
 1 Brayden McNabb           John Klingberg           60     1   2  2  
 2 Connor Murphy            Jack Johnson             40     1   2  2  

Last Minutes Offensive
   Center                   Left Wing                Right Wing               Defense                  Defense                  
   John Tavares             Kyle Connor              Joe Pavelski             Brayden McNabb           John Klingberg           

Last Minutes Defensive
   Center                   Left Wing                Right Wing               Defense                  Defense                  
   John Tavares             Kyle Connor              Joe Pavelski             Brayden McNabb           Connor Murphy            

Goaltenders
Starting : Semyon Varlamov          
Backup : Darcy Kuemper            

Extra Forwards
Normal : Andrew Cogliano, Matt Nieto, Cal Clutterbuck - PP : Andrew Cogliano, Matt Nieto - PK : Cal Clutterbuck
Extra Defensemen
Normal : Jack Johnson, Troy Stecher, John Klingberg - PP : Connor Murphy - PK : Jack Johnson, Troy Stecher
Penalty Shots
Joe Pavelski, John Tavares, Kyle Connor, Andrew Mangiapane, Sam Bennett

Scratches
Oliver Kylington (Healthy), Matias Maccelli (Healthy)

% Time on Ice - CALGARY Flames

Lines # - Real PCT - Wanted PCT - Time Play
Normal Forward
1 - 27% - 30% - 9:59
2 - 27% - 30% - 9:55
3 - 23% - 25% - 8:19
4 - 23% - 15% - 8:33
Normal Defense
1 - 36% - 40% - 13:18
2 - 32% - 30% - 11:35
3 - 32% - 25% - 11:53
4 - 0% - 5% - 0:00
PP Forward
1 - 49% - 55% - 6:56
2 - 51% - 45% - 7:13
PP Defense
1 - 56% - 60% - 7:52
2 - 44% - 40% - 6:17
PK Forward
1 - 49% - 50% - 4:03
2 - 51% - 50% - 4:12
PK Defense
1 - 58% - 60% - 4:47
2 - 42% - 40% - 3:28
PK3 Forward
1 - 16% - 50% - 0:08
2 - 84% - 50% - 0:42
PK3 Defense
1 - 100% - 60% - 0:50
2 - 0% - 40% - 0:00
44 Forward
1 - 0% - 50%
2 - 0% - 50%
44 Defense
1 - 0% - 55%
2 - 0% - 45%
Last Minute Offensive  - 0:00
Last Minute Defensive  - 0:00
Total
Forward - 60:00
Defense - 60:00

% Time on Ice - SAN JOSE Sharks

Lines # - Real PCT - Wanted PCT - Time Play
Normal Forward
1 - 33% - 40% - 12:15
2 - 34% - 30% - 12:23
3 - 19% - 20% - 7:03
4 - 14% - 10% - 5:05
Normal Defense
1 - 40% - 40% - 14:49
2 - 33% - 30% - 12:05
3 - 26% - 20% - 9:40
4 - 1% - 10% - 0:12
PP Forward
1 - 52% - 60% - 4:44
2 - 48% - 40% - 4:21
PP Defense
1 - 52% - 60% - 4:44
2 - 48% - 40% - 4:21
PK Forward
1 - 66% - 60% - 9:17
2 - 34% - 40% - 4:52
PK Defense
1 - 52% - 60% - 7:23
2 - 48% - 40% - 6:46
PK3 Forward
1 - 0% - 60%
2 - 0% - 40%
PK3 Defense
1 - 0% - 60%
2 - 0% - 40%
44 Forward
1 - 0% - 60%
2 - 0% - 40%
44 Defense
1 - 0% - 60%
2 - 0% - 40%
Last Minute Offensive  - 0:00
Last Minute Defensive  - 0:00
Total
Forward - 60:00
Defense - 60:00

Play-by-Play

1st period


0:01 of 1st period - John Tavares wins face-off versus Boone Jenner in neutral zone.
0:16 of 1st period - Alex Newhook is hit by John Tavares and loses puck.
1:17 of 1st period - Shot by Sam Bennett.
1:17 of 1st period - Stopped by Stuart Skinner without a rebound.
1:18 of 1st period - Michael Rasmussen wins face-off versus Brett Howden in CALGARY Flames zone.
1:18 of 1st period - Johnathan Kovacevic is hit by Andrew Cogliano and loses puck.
1:35 of 1st period - Shot by Philipp Kurashev.
1:35 of 1st period - Stopped by Semyon Varlamov without a rebound.
1:36 of 1st period - Charlie Coyle wins face-off versus Nick Cousins in SAN JOSE Sharks zone.
1:57 of 1st period - Shot by Nick Cousins.
1:57 of 1st period - Stopped by Stuart Skinner without a rebound.
1:58 of 1st period - Alexei Toropchenko wins face-off versus Sam Bennett in CALGARY Flames zone.
2:05 of 1st period - Shot by Ty Dellandrea.
2:05 of 1st period - Shot Misses the Net.
2:07 of 1st period - Shot by Alexei Toropchenko.
2:07 of 1st period - Deflect By Ty Dellandrea.
2:07 of 1st period - Shot Misses the Net.
2:09 of 1st period - Shot by Alexei Toropchenko.
2:09 of 1st period - Stopped by Semyon Varlamov without a rebound.
2:10 of 1st period - Brett Howden wins face-off versus Michael Rasmussen in SAN JOSE Sharks zone.
2:10 of 1st period - Brett Howden is hit by Keegan Kolesar.
2:23 of 1st period - Minor Penalty to Jamie Oleksiak for High sticking.
2:24 of 1st period - Charlie Coyle wins face-off versus John Tavares in CALGARY Flames zone.
3:28 of 1st period - Shot by Evander Kane.
3:28 of 1st period - Shot Misses the Net.
3:30 of 1st period - Shot by Cody Ceci.
3:30 of 1st period - Stopped by Stuart Skinner without a rebound.
3:31 of 1st period - Andrew Mangiapane wins face-off versus Charlie Coyle in CALGARY Flames zone.
3:34 of 1st period - Shot by Evander Kane.
3:34 of 1st period - Stopped by Stuart Skinner without a rebound.
3:35 of 1st period - Charlie Coyle wins face-off versus Sam Bennett in CALGARY Flames zone.
3:35 of 1st period - Charlie Coyle is hit by Andrew Mangiapane.
4:04 of 1st period - Shot by Evander Kane.
4:04 of 1st period - Stopped by Stuart Skinner without a rebound.
4:05 of 1st period - John Tavares wins face-off versus Michael Rasmussen in CALGARY Flames zone.
4:46 of 1st period - Minor Penalty to Jamie Oleksiak for High sticking.
4:47 of 1st period - Michael Rasmussen wins face-off versus John Tavares in CALGARY Flames zone.
4:47 of 1st period - Michael Rasmussen is hit by John Tavares.
5:02 of 1st period - Shot by Brayden McNabb.
5:02 of 1st period - Stopped by Stuart Skinner with a rebound.
5:04 of 1st period - Shot by Brayden McNabb.
5:04 of 1st period - Stopped by Stuart Skinner without a rebound.
5:05 of 1st period - Charlie Coyle wins face-off versus Sam Bennett in CALGARY Flames zone.
5:05 of 1st period - Johnathan Kovacevic is hit by Sam Bennett and loses puck.
6:12 of 1st period - Shot by John Tavares.
6:12 of 1st period - Shot Misses the Net.
7:08 of 1st period - Shot by Brett Howden.
7:08 of 1st period - Stopped by Stuart Skinner without a rebound.
7:09 of 1st period - Nick Cousins wins face-off versus Charlie Coyle in CALGARY Flames zone.
7:24 of 1st period - Shot by Nick Cousins.
7:24 of 1st period - Shot Misses the Net.
7:26 of 1st period - Shot by Cal Clutterbuck.
7:26 of 1st period - Deflect By Nick Cousins.
7:26 of 1st period - Goal by Nick Cousins - CALGARY Flames : 0 - SAN JOSE Sharks : 1.
7:27 of 1st period - Sam Bennett wins face-off versus Boone Jenner in neutral zone.
7:31 of 1st period - Minor Penalty to Charlie McAvoy for Roughing.
7:32 of 1st period - Michael Rasmussen wins face-off versus Sam Bennett in CALGARY Flames zone.
7:32 of 1st period - Michael Rasmussen is hit by Evander Kane.
9:18 of 1st period - Shot by Michael Rasmussen.
9:18 of 1st period - Deflect By Keegan Kolesar.
9:18 of 1st period - Shot Blocked by Andrew Mangiapane.
9:26 of 1st period - Shot by Evander Kane.
9:26 of 1st period - Shot Misses the Net.
9:54 of 1st period - Shot by Alexei Toropchenko.
9:54 of 1st period - Shot Misses the Net.
9:56 of 1st period - Shot by Alexei Toropchenko.
9:56 of 1st period - Stopped by Semyon Varlamov with a rebound.
10:37 of 1st period - Cody Ceci is hit by Lawson Crouse.
10:43 of 1st period - Shot by Boone Jenner.
10:43 of 1st period - Stopped by Semyon Varlamov without a rebound.
10:44 of 1st period - Michael Rasmussen wins face-off versus John Tavares in SAN JOSE Sharks zone.
10:44 of 1st period - Darnell Nurse is hit by Connor Murphy and loses puck.
11:35 of 1st period - Shot by Andrew Mangiapane.
11:35 of 1st period - Shot Blocked by Jamie Oleksiak.
11:37 of 1st period - Shot by Brayden McNabb.
11:37 of 1st period - Shot Blocked by Philipp Kurashev.
11:51 of 1st period - Shot by Andrew Mangiapane.
11:51 of 1st period - Deflect By Evander Kane.
11:51 of 1st period - Stopped by Stuart Skinner without a rebound.
11:52 of 1st period - Charlie Coyle wins face-off versus Nick Cousins in CALGARY Flames zone.
11:52 of 1st period - Charlie Coyle is hit by Cal Clutterbuck.
12:54 of 1st period - Boone Jenner is hit by Cody Ceci and loses puck.
12:59 of 1st period - Shot by Lawson Crouse.
12:59 of 1st period - Shot Misses the Net.
13:04 of 1st period - Minor Penalty to Brayden McNabb for Roughing.
13:05 of 1st period - Boone Jenner wins face-off versus Kyle Connor in SAN JOSE Sharks zone.
14:02 of 1st period - John Tavares is hit by Michael Rasmussen and loses puck.
14:44 of 1st period - Lawson Crouse is hit by Connor Murphy and loses puck.
15:08 of 1st period - Minor Penalty to Brayden McNabb for Slashing.
15:09 of 1st period - Michael Rasmussen wins face-off versus Matt Nieto in SAN JOSE Sharks zone.
15:16 of 1st period - Shot by Charlie McAvoy.
15:16 of 1st period - Shot Misses the Net.
15:24 of 1st period - Shot by Charlie McAvoy.
15:24 of 1st period - Goal by Charlie McAvoy - CALGARY Flames : 1 - SAN JOSE Sharks : 1.
15:25 of 1st period - Ty Dellandrea wins face-off versus Sam Bennett in neutral zone.
15:53 of 1st period - Shot by Sam Bennett.
15:53 of 1st period - Shot Misses the Net.
15:55 of 1st period - Shot by Evander Kane.
15:55 of 1st period - Shot Misses the Net.
15:57 of 1st period - Shot by John Klingberg.
15:57 of 1st period - Shot Blocked by Johnathan Kovacevic.
16:21 of 1st period - Shot by Joe Pavelski.
16:21 of 1st period - Stopped by Stuart Skinner without a rebound.
16:22 of 1st period - Brett Howden wins face-off versus Boone Jenner in CALGARY Flames zone.
16:34 of 1st period - Off-side.
16:35 of 1st period - Charlie Coyle wins face-off versus John Tavares in neutral zone.
18:49 of 1st period - Michael Rasmussen is hit by Brayden McNabb and loses puck.
19:28 of 1st period - Shot by Darnell Nurse.
19:28 of 1st period - Shot Blocked by Connor Murphy.
19:37 of 1st period - Icing by Connor Murphy.
19:38 of 1st period - Charlie Coyle wins face-off versus Kyle Connor in SAN JOSE Sharks zone.
Goals for this period are 1 for CALGARY Flames vs 1 for SAN JOSE Sharks.
Shots for this period are 5 for CALGARY Flames vs 11 for SAN JOSE Sharks.

2nd period


0:01 of 2nd period - Boone Jenner wins face-off versus John Tavares in neutral zone.
0:20 of 2nd period - Minor Penalty to Brayden McNabb for Roughing.
0:21 of 2nd period - John Tavares wins face-off versus Michael Rasmussen in SAN JOSE Sharks zone.
0:42 of 2nd period - Shot by Alex Newhook.
0:42 of 2nd period - Shot Misses the Net.
0:44 of 2nd period - Shot by Jamie Oleksiak.
0:44 of 2nd period - Shot Misses the Net.
0:46 of 2nd period - Shot by Jamie Oleksiak.
0:46 of 2nd period - Shot Misses the Net.
0:48 of 2nd period - Shot by Daniel Sprong.
0:48 of 2nd period - Shot Misses the Net.
0:50 of 2nd period - Shot by Darnell Nurse.
0:50 of 2nd period - Stopped by Semyon Varlamov without a rebound.
0:51 of 2nd period - Sam Bennett wins face-off versus Boone Jenner in SAN JOSE Sharks zone.
1:03 of 2nd period - Off-side.
1:04 of 2nd period - Boone Jenner wins face-off versus Kyle Connor in neutral zone.
1:24 of 2nd period - Shot by Charlie McAvoy.
1:24 of 2nd period - Shot Misses the Net.
1:26 of 2nd period - Shot by Lawson Crouse.
1:26 of 2nd period - Shot Misses the Net.
1:28 of 2nd period - Shot by Charlie Coyle.
1:28 of 2nd period - Stopped by Semyon Varlamov without a rebound.
1:29 of 2nd period - Michael Rasmussen wins face-off versus Sam Bennett in SAN JOSE Sharks zone.
1:29 of 2nd period - Darnell Nurse is hit by Troy Stecher and loses puck.
1:36 of 2nd period - Shot by Jamie Oleksiak.
1:36 of 2nd period - Stopped by Semyon Varlamov without a rebound.
1:37 of 2nd period - Daniel Sprong wins face-off versus Sam Bennett in SAN JOSE Sharks zone.
1:44 of 2nd period - Shot by Charlie McAvoy.
1:44 of 2nd period - Shot Misses the Net.
2:02 of 2nd period - Shot by Michael Rasmussen.
2:02 of 2nd period - Shot Blocked by Cody Ceci.
2:04 of 2nd period - Shot by Quinn Hughes.
2:04 of 2nd period - Shot Misses the Net.
2:40 of 2nd period - Shot by Ty Dellandrea.
2:40 of 2nd period - Stopped by Semyon Varlamov without a rebound.
2:41 of 2nd period - Michael Rasmussen wins face-off versus Brett Howden in SAN JOSE Sharks zone.
2:59 of 2nd period - Shot by Philipp Kurashev.
2:59 of 2nd period - Shot Misses the Net.
3:01 of 2nd period - Shot by Keegan Kolesar.
3:01 of 2nd period - Goal by Keegan Kolesar - CALGARY Flames : 2 - SAN JOSE Sharks : 1.
3:02 of 2nd period - Sam Bennett wins face-off versus Ty Dellandrea in neutral zone.
3:02 of 2nd period - Andrew Mangiapane is hit by A.J. Greer.
3:05 of 2nd period - Sam Bennett is hit by Jamie Oleksiak.
3:07 of 2nd period - Shot by Evander Kane.
3:07 of 2nd period - Stopped by Stuart Skinner with a rebound.
3:14 of 2nd period - Icing by Darnell Nurse.
3:15 of 2nd period - John Tavares wins face-off versus Ty Dellandrea in CALGARY Flames zone.
3:20 of 2nd period - Shot by John Tavares.
3:20 of 2nd period - Shot Misses the Net.
5:00 of 2nd period - Shot by Boone Jenner.
5:00 of 2nd period - Shot Blocked by Connor Murphy.
5:11 of 2nd period - Minor Penalty to Sam Bennett for Hooking.
5:12 of 2nd period - Cal Clutterbuck wins face-off versus Michael Rasmussen in SAN JOSE Sharks zone.
5:12 of 2nd period - Cal Clutterbuck is hit by Alex Newhook.
5:21 of 2nd period - Jack Johnson is hit by Jamie Oleksiak and loses puck.
5:26 of 2nd period - Shot by Matt Nieto.
5:26 of 2nd period - Shot Hit the Post.
5:47 of 2nd period - Alex Newhook is hit by Connor Murphy and loses puck.
6:15 of 2nd period - Icing by Boone Jenner.
6:16 of 2nd period - John Tavares wins face-off versus Boone Jenner in CALGARY Flames zone.
6:23 of 2nd period - Shot by Boone Jenner.
6:23 of 2nd period - Shot Misses the Net.
6:25 of 2nd period - Shot by Quinn Hughes.
6:25 of 2nd period - Stopped by Semyon Varlamov with a rebound.
6:27 of 2nd period - Shot by Charlie McAvoy.
6:27 of 2nd period - Stopped by Semyon Varlamov without a rebound.
6:28 of 2nd period - Boone Jenner wins face-off versus John Tavares in SAN JOSE Sharks zone.
6:31 of 2nd period - Shot by Lawson Crouse.
6:31 of 2nd period - Stopped by Semyon Varlamov without a rebound.
6:32 of 2nd period - John Tavares wins face-off versus Boone Jenner in SAN JOSE Sharks zone.
6:45 of 2nd period - Shot by Charlie Coyle.
6:45 of 2nd period - Shot Misses the Net.
7:11 of 2nd period - Minor Penalty to John Klingberg for Slashing.
7:12 of 2nd period - Michael Rasmussen wins face-off versus Sam Bennett in SAN JOSE Sharks zone.
8:15 of 2nd period - Off-side.
8:16 of 2nd period - John Tavares wins face-off versus Boone Jenner in neutral zone.
8:28 of 2nd period - Quinn Hughes is hit by Cal Clutterbuck and loses puck.
8:44 of 2nd period - Icing by Quinn Hughes.
8:45 of 2nd period - Sam Bennett wins face-off versus Boone Jenner in CALGARY Flames zone.
9:15 of 2nd period - Shot by Ty Dellandrea.
9:15 of 2nd period - Stopped by Semyon Varlamov without a rebound.
9:16 of 2nd period - Nick Cousins wins face-off versus Michael Rasmussen in SAN JOSE Sharks zone.
9:16 of 2nd period - Nick Cousins is hit by Keegan Kolesar.
9:35 of 2nd period - Minor Penalty to Austin Watson for Holding.
9:36 of 2nd period - Michael Rasmussen wins face-off versus John Tavares in SAN JOSE Sharks zone.
11:06 of 2nd period - Off-side.
11:07 of 2nd period - Michael Rasmussen wins face-off versus Sam Bennett in neutral zone.
11:20 of 2nd period - Off-side.
11:21 of 2nd period - Sam Bennett wins face-off versus Michael Rasmussen in neutral zone.
12:18 of 2nd period - Shot by Nick Cousins.
12:18 of 2nd period - Goal by Nick Cousins - CALGARY Flames : 2 - SAN JOSE Sharks : 2.
12:19 of 2nd period - Boone Jenner wins face-off versus Sam Bennett in neutral zone.
12:29 of 2nd period - Icing by Cody Ceci.
12:30 of 2nd period - Charlie Coyle wins face-off versus Evander Kane in SAN JOSE Sharks zone.
12:46 of 2nd period - Charlie Coyle is hit by Cody Ceci and loses puck.
12:56 of 2nd period - Cole Perfetti is hit by Brayden McNabb and loses puck.
13:11 of 2nd period - Shot by Quinn Hughes.
13:11 of 2nd period - Deflect By Charlie Coyle.
13:11 of 2nd period - Stopped by Semyon Varlamov without a rebound.
13:12 of 2nd period - Boone Jenner wins face-off versus John Tavares in SAN JOSE Sharks zone.
13:46 of 2nd period - Lawson Crouse is hit by Kyle Connor and loses puck.
14:18 of 2nd period - Philipp Kurashev is hit by Jack Johnson.
14:26 of 2nd period - Shot by Philipp Kurashev.
14:26 of 2nd period - Stopped by Semyon Varlamov without a rebound.
14:27 of 2nd period - Charlie Coyle wins face-off versus Sam Bennett in SAN JOSE Sharks zone.
15:27 of 2nd period - Off-side.
15:28 of 2nd period - Alex Newhook wins face-off versus Nick Cousins in neutral zone.
15:31 of 2nd period - Shot by Lawson Crouse.
15:31 of 2nd period - Stopped by Semyon Varlamov without a rebound.
15:32 of 2nd period - Brett Howden wins face-off versus Lawson Crouse in SAN JOSE Sharks zone.
15:32 of 2nd period - Brett Howden is hit by Lawson Crouse.
15:37 of 2nd period - Troy Stecher is hit by Jamie Oleksiak and loses puck.
15:43 of 2nd period - Alex Newhook is hit by Troy Stecher.
15:50 of 2nd period - Off-side.
15:51 of 2nd period - Michael Rasmussen wins face-off versus John Tavares in neutral zone.
15:57 of 2nd period - Philipp Kurashev is hit by Connor Murphy and loses puck.
16:20 of 2nd period - Shot by Philipp Kurashev.
16:20 of 2nd period - Deflect By Keegan Kolesar.
16:20 of 2nd period - Stopped by Semyon Varlamov without a rebound.
16:21 of 2nd period - Boone Jenner wins face-off versus Sam Bennett in SAN JOSE Sharks zone.
16:38 of 2nd period - Shot by Quinn Hughes.
16:38 of 2nd period - Shot Misses the Net.
17:00 of 2nd period - Cody Ceci is hit by Alex Newhook and loses puck.
17:12 of 2nd period - Icing by Charlie McAvoy.
17:13 of 2nd period - Boone Jenner wins face-off versus John Tavares in CALGARY Flames zone.
17:13 of 2nd period - Boone Jenner is hit by John Tavares.
17:16 of 2nd period - Minor Penalty to John Tavares for Charging.
17:17 of 2nd period - Alex Newhook wins face-off versus Cal Clutterbuck in SAN JOSE Sharks zone.
18:10 of 2nd period - Shot by Charlie Coyle.
18:10 of 2nd period - Deflect By Boone Jenner.
18:10 of 2nd period - Stopped by Semyon Varlamov with a rebound.
18:12 of 2nd period - Shot by Quinn Hughes.
18:12 of 2nd period - Shot Misses the Net.
18:14 of 2nd period - Shot by Lawson Crouse.
18:14 of 2nd period - Shot Misses the Net.
18:16 of 2nd period - Shot by Quinn Hughes.
18:16 of 2nd period - Stopped by Semyon Varlamov without a rebound.
18:17 of 2nd period - Boone Jenner wins face-off versus Cal Clutterbuck in SAN JOSE Sharks zone.
18:32 of 2nd period - Shot by Charlie McAvoy.
18:32 of 2nd period - Shot Blocked by Austin Watson.
18:34 of 2nd period - Shot by Charlie Coyle.
18:34 of 2nd period - Shot Misses the Net.
18:36 of 2nd period - Shot by Charlie Coyle.
18:36 of 2nd period - Shot Misses the Net.
18:38 of 2nd period - Shot by Lawson Crouse.
18:38 of 2nd period - Shot Misses the Net.
18:40 of 2nd period - Shot by Quinn Hughes.
18:40 of 2nd period - Stopped by Semyon Varlamov without a rebound.
18:41 of 2nd period - Michael Rasmussen wins face-off versus Nick Cousins in SAN JOSE Sharks zone.
18:44 of 2nd period - Shot by Darnell Nurse.
18:44 of 2nd period - Stopped by Semyon Varlamov with a rebound.
18:46 of 2nd period - Shot by Daniel Sprong.
18:46 of 2nd period - Deflect By Michael Rasmussen.
18:46 of 2nd period - Shot Blocked by Jack Johnson.
19:01 of 2nd period - Darnell Nurse is hit by Jack Johnson and loses puck.
19:17 of 2nd period - Jamie Oleksiak is hit by Troy Stecher and loses puck.
19:38 of 2nd period - Minor Penalty to Troy Stecher for Roughing.
19:39 of 2nd period - John Tavares wins face-off versus Boone Jenner in SAN JOSE Sharks zone.
19:39 of 2nd period - Kyle Connor is hit by Lawson Crouse and loses puck.
Goals for this period are 1 for CALGARY Flames vs 1 for SAN JOSE Sharks.
Shots for this period are 17 for CALGARY Flames vs 2 for SAN JOSE Sharks.

3rd period


0:01 of 3rd period - John Tavares wins face-off versus Boone Jenner in neutral zone.
1:32 of 3rd period - Sam Bennett is hit by Jamie Oleksiak and loses puck.
2:24 of 3rd period - Icing by Nick Cousins.
2:25 of 3rd period - Nick Cousins wins face-off versus Keegan Kolesar in SAN JOSE Sharks zone.
2:31 of 3rd period - Shot by Cal Clutterbuck.
2:31 of 3rd period - Stopped by Stuart Skinner without a rebound.
2:32 of 3rd period - Charlie Coyle wins face-off versus John Tavares in CALGARY Flames zone.
3:26 of 3rd period - Joe Pavelski is hit by Jamie Oleksiak and loses puck.
3:40 of 3rd period - Shot by Boone Jenner.
3:40 of 3rd period - Stopped by Semyon Varlamov with a rebound.
3:46 of 3rd period - Shot by Boone Jenner.
3:46 of 3rd period - Shot Misses the Net.
3:50 of 3rd period - Shot by Lawson Crouse.
3:50 of 3rd period - Stopped by Semyon Varlamov with a rebound.
4:24 of 3rd period - Icing by Evander Kane.
4:25 of 3rd period - Ty Dellandrea wins face-off versus Sam Bennett in SAN JOSE Sharks zone.
4:25 of 3rd period - Ty Dellandrea is hit by Connor Murphy.
5:35 of 3rd period - Shot by Daniel Sprong.
5:35 of 3rd period - Shot Blocked by Brett Howden.
5:48 of 3rd period - Daniel Sprong is hit by John Klingberg and loses puck.
6:05 of 3rd period - Shot by Andrew Cogliano.
6:05 of 3rd period - Stopped by Stuart Skinner with a rebound.
6:32 of 3rd period - Shot by Michael Rasmussen.
6:32 of 3rd period - Stopped by Semyon Varlamov without a rebound.
6:33 of 3rd period - Nick Cousins wins face-off versus Boone Jenner in SAN JOSE Sharks zone.
7:08 of 3rd period - Shot by Darnell Nurse.
7:08 of 3rd period - Shot Blocked by Connor Murphy.
7:12 of 3rd period - Shot by Alex Newhook.
7:12 of 3rd period - Deflect By Lawson Crouse.
7:12 of 3rd period - Stopped by Semyon Varlamov without a rebound.
7:13 of 3rd period - John Tavares wins face-off versus Michael Rasmussen in SAN JOSE Sharks zone.
7:18 of 3rd period - Keegan Kolesar is hit by Kyle Connor and loses puck.
7:29 of 3rd period - Icing by Brayden McNabb.
7:30 of 3rd period - Joe Pavelski wins face-off versus Ty Dellandrea in SAN JOSE Sharks zone.
8:23 of 3rd period - Icing by Charlie McAvoy.
8:24 of 3rd period - Sam Bennett wins face-off versus Ty Dellandrea in CALGARY Flames zone.
9:08 of 3rd period - Shot by Philipp Kurashev.
9:08 of 3rd period - Stopped by Semyon Varlamov with a rebound.
9:42 of 3rd period - Evander Kane is hit by Josh Brown and loses puck.
11:19 of 3rd period - Shot by Ty Dellandrea.
11:19 of 3rd period - Stopped by Semyon Varlamov without a rebound.
11:20 of 3rd period - John Tavares wins face-off versus Michael Rasmussen in SAN JOSE Sharks zone.
11:20 of 3rd period - John Tavares is hit by Keegan Kolesar.
11:56 of 3rd period - Kyle Connor is hit by Johnathan Kovacevic and loses puck.
12:05 of 3rd period - Johnathan Kovacevic is hit by John Tavares and loses puck.
12:46 of 3rd period - Icing by Connor Murphy.
12:47 of 3rd period - Sam Bennett wins face-off versus Charlie Coyle in SAN JOSE Sharks zone.
12:47 of 3rd period - Sam Bennett is hit by Charlie Coyle.
12:50 of 3rd period - Evander Kane is hit by Cole Perfetti and loses puck.
13:06 of 3rd period - Daniel Sprong is hit by Connor Murphy and loses puck.
13:21 of 3rd period - Shot by Daniel Sprong.
13:21 of 3rd period - Stopped by Semyon Varlamov with a rebound.
13:23 of 3rd period - Shot by Charlie Coyle.
13:23 of 3rd period - Stopped by Semyon Varlamov with a rebound.
13:42 of 3rd period - Sam Bennett is hit by Boone Jenner.
14:08 of 3rd period - Off-side.
14:09 of 3rd period - John Tavares wins face-off versus Michael Rasmussen in neutral zone.
14:09 of 3rd period - Joe Pavelski is hit by Keegan Kolesar and loses puck.
14:28 of 3rd period - Shot by John Tavares.
14:28 of 3rd period - Shot Misses the Net.
14:57 of 3rd period - Icing by Johnathan Kovacevic.
14:58 of 3rd period - Michael Rasmussen wins face-off versus Brett Howden in CALGARY Flames zone.
14:58 of 3rd period - Michael Rasmussen is hit by Brett Howden.
15:01 of 3rd period - Icing by Johnathan Kovacevic.
15:02 of 3rd period - Brett Howden wins face-off versus Michael Rasmussen in CALGARY Flames zone.
15:04 of 3rd period - Matt Nieto is hit by Josh Brown and loses puck.
15:52 of 3rd period - Icing by Charlie McAvoy.
15:53 of 3rd period - John Tavares wins face-off versus Charlie Coyle in CALGARY Flames zone.
15:58 of 3rd period - Shot by Kyle Connor.
15:58 of 3rd period - Shot Misses the Net.
16:08 of 3rd period - Shot by John Tavares.
16:08 of 3rd period - Stopped by Stuart Skinner without a rebound.
16:09 of 3rd period - Boone Jenner wins face-off versus Sam Bennett in CALGARY Flames zone.
16:09 of 3rd period - Boone Jenner is hit by Andrew Mangiapane.
16:15 of 3rd period - Shot by Alex Newhook.
16:15 of 3rd period - Shot Misses the Net.
16:29 of 3rd period - Alex Newhook is hit by Sam Bennett and loses puck.
16:35 of 3rd period - Evander Kane is hit by Jamie Oleksiak and loses puck.
16:42 of 3rd period - Shot by Sam Bennett.
16:42 of 3rd period - Stopped by Stuart Skinner without a rebound.
16:43 of 3rd period - John Tavares wins face-off versus Charlie Coyle in CALGARY Flames zone.
16:43 of 3rd period - Minor Penalty to Charlie McAvoy for Goalie Interference.
16:44 of 3rd period - Michael Rasmussen wins face-off versus John Tavares in CALGARY Flames zone.
16:58 of 3rd period - Icing by Brayden McNabb.
16:59 of 3rd period - John Tavares wins face-off versus Charlie Coyle in SAN JOSE Sharks zone.
17:18 of 3rd period - Shot by John Tavares.
17:18 of 3rd period - Stopped by Stuart Skinner without a rebound.
17:19 of 3rd period - Michael Rasmussen wins face-off versus Sam Bennett in CALGARY Flames zone.
17:29 of 3rd period - Icing by Jack Johnson.
17:30 of 3rd period - Sam Bennett wins face-off versus Charlie Coyle in SAN JOSE Sharks zone.
17:52 of 3rd period - Minor Penalty to Johnathan Kovacevic for Interference.
17:53 of 3rd period - John Tavares wins face-off versus Michael Rasmussen in CALGARY Flames zone.
17:54 of 3rd period - Shot by Kyle Connor.
17:54 of 3rd period - Stopped by Stuart Skinner without a rebound.
17:55 of 3rd period - Charlie Coyle wins face-off versus Kyle Connor in CALGARY Flames zone.
18:38 of 3rd period - Shot by John Tavares.
18:38 of 3rd period - Deflect By Joe Pavelski.
18:38 of 3rd period - Stopped by Stuart Skinner without a rebound.
18:39 of 3rd period - Sam Bennett wins face-off versus Charlie Coyle in CALGARY Flames zone.
19:05 of 3rd period - Shot by Evander Kane.
19:05 of 3rd period - Shot Blocked by Darnell Nurse.
19:07 of 3rd period - Shot by Cody Ceci.
19:07 of 3rd period - Shot Misses the Net.
Goals for this period are 0 for CALGARY Flames vs 0 for SAN JOSE Sharks.
Shots for this period are 8 for CALGARY Flames vs 7 for SAN JOSE Sharks.

Overtime #1


0:01 of 1st overtime period - Boone Jenner wins face-off versus Nick Cousins in neutral zone.
0:07 of 1st overtime period - Shot by Alexei Toropchenko.
0:07 of 1st overtime period - Shot Blocked by Cody Ceci.
0:09 of 1st overtime period - Shot by Alexei Toropchenko.
0:09 of 1st overtime period - Shot Misses the Net.
0:11 of 1st overtime period - Shot by Boone Jenner.
0:11 of 1st overtime period - Goal by Boone Jenner - CALGARY Flames : 3 - SAN JOSE Sharks : 2.
Goals for this period are 1 for CALGARY Flames vs 0 for SAN JOSE Sharks.
Shots for this period are 1 for CALGARY Flames vs 0 for SAN JOSE Sharks. Output by the SimonT Hockey Simulator (STHS) for Martin Benoit - Original Page W3C HTML5 Valid
Hockey Simulator - Hockey Simulation - Hockey Manager